[Event "SixDays Budapest January IM-A 2025"]
[Site "Budapest"]
[Date "2025.01.28"]
[Round "4.3"]
[White "Golubovskis, Maksims"]
[Black "Chubakov, Sultan"]
[Result "1/2-1/2"]
[Annotator "TA"]
[ECO "B41"]
[WhiteElo "2237"]
[BlackElo "2237"]
[PlyCount "51"]
[EventDate "2025.01.24"]
[EventType "tourn"]
[EventCountry "HUN"]
[SourceTitle "playchess.com"]
[Source "ChessBase"]
[SourceQuality "1"]
[TimeControl "5400+30"]

1. e4 c5 2. Nf3 e6 3. d4 cxd4 4. Nxd4 a6 5. c4 Nf6 6. Nc3 Qc7 7. a3 b6 8. Be3 Bb7 9. f3 Nc6 10. Be2 Rc8 {[%emt 0:09:58] White is slightly better.} 11. Rc1 Nxd4 12. Qxd4 Bc5 13. Qd2 Bxe3 14. Qxe3 Qc5 15. Qxc5 bxc5 16. Kf2 d6 17. Rhd1 Ke7 18. Rd2 Rhd8 19. b4 cxb4 20. axb4 Nd7 21. Na4 Bc6 22. Nc3 Rb8 23. Rcd1 (23. Rb2 $14) 23... Rxb4 $15 {[%emt 0:06:35] Black is slightly better.} 24. Rxd6 Rc8 25. R6d2 Nc5 26. Ra2 {[%emt 0:04:24] Weighted Error Value: White=0.17 (very precise) /Black=0.06 (flawless) .  Mistake:       	White=1     	---        Inaccurate:     	White=1     	Black=1      OK:         	White=6     	Black=7      Best:        	---       	Black=2} 1/2-1/2

[Event "SixDays Budapest January IM-A 2025"]
[Site "Budapest"]
[Date "2025.01.28"]
[Round "4.5"]
[White "Kustar, Sandor"]
[Black "Fodor, Balazs"]
[Result "1/2-1/2"]
[Annotator "RC"]
[ECO "E65"]
[WhiteElo "2240"]
[BlackElo "2214"]
[PlyCount "50"]
[EventDate "2025.01.24"]
[EventType "tourn"]
[EventCountry "HUN"]
[SourceTitle "playchess.com"]
[Source "ChessBase"]
[SourceQuality "1"]
[TimeControl "5400+30"]

1. Nf3 Nf6 2. g3 g6 3. Bg2 Bg7 4. c4 O-O 5. d4 d6 6. O-O c5 7. Nc3 Nc6 8. dxc5 dxc5 9. Be3 Be6 10. Qa4 Qa5 11. Qb5 a6 12. Qxc5 Qxc5 13. Bxc5 Nd7 14. Ba3 Bxc4 15. Nd2 Be6 16. Rfc1 Rac8 17. Nd5 Rfe8 18. Nb3 Bf8 19. Rc3 Bg7 20. Rc2 Bf5 21. e4 Be6 22. Rac1 Nde5 23. Rc3 Nd7 24. R3c2 Nde5 25. Rc3 Nd7 1/2-1/2

[Event "SixDays Budapest January IM-A 2025"]
[Site "Budapest"]
[Date "2025.01.28"]
[Round "5.1"]
[White "Fodor, Balazs"]
[Black "Karacsonyi, Kata"]
[Result "1-0"]
[Annotator "TA"]
[ECO "A45"]
[WhiteElo "2214"]
[BlackElo "2183"]
[PlyCount "101"]
[EventDate "2025.01.24"]
[EventType "tourn"]
[EventCountry "HUN"]
[SourceTitle "playchess.com"]
[Source "ChessBase"]
[SourceQuality "1"]
[TimeControl "5400+30"]

1. d4 Nf6 2. Bg5 d5 3. Bxf6 gxf6 4. Nf3 c5 5. c3 Nc6 6. e3 {[%emt 0:04:43] D00: 1 d4 d5: Unusual lines.} e5 7. dxc5 Bxc5 8. Nbd2 {[%emt 0:00:22] Black is slightly better.} O-O 9. Be2 Kh8 $146 (9... a5 10. O-O f5 11. g3 Be6 12. a4 Qf6 13. Bb5 Rfd8 14. Rc1 Rac8 15. Qe2 Bb6 {0-1 Usov,A (2291)-Suleymanli,A (2626) Titled Tuesday intern op 18th Jun Early blitz 2024 (3)}) 10. b4 Bb6 11. b5 Ne7 12. O-O Rg8 13. g3 Bh3 14. Re1 Nf5 15. Bf1 Bxf1 ({Black should try} 15... Bg4 $17 16. h3 Bxf3 (16... Bh5 17. Nxe5 Nxg3 18. fxg3 $17) 17. Nxf3 Qd6) 16. Nxf1 {[%emt 0:02:44] A sharp opening} e4 17. N3d2 Qc8 18. Qh5 {[%emt 0:06:00] Prevents Nh4.} (18. c4 Nh4 19. Qe2 (19. cxd5 $2 Qh3) 19... Qh3 $17) 18... Qe6 19. f4 (19. Nb3 $15) 19... Rg6 (19... Ba5 $142 20. Red1 Bxc3) 20. a4 Rag8 21. a5 Rh6 22. Qd1 Bc5 23. Re2 Nh4 24. Kh1 $2 {[%emt 0:00:41][%mdl 8192] [#]} ({White should play} 24. Qe1 $15) 24... Qh3 $1 $19 25. Qe1 (25. gxh4 $2 Rhg6 $19) (25. Kg1 Rhg6) 25... Nf5 26. Rg2 {[%emt 0:06:24] [#]} Rhg6 (26... Bxe3 $1 $19 {has better winning chances.} 27. b6 (27. Nxe3 $2 Rxg3 28. Ndf1 Rxe3 $19) 27... a6 28. Nxe3 Rxg3) 27. c4 $17 {[%emt 0:03:45] [#]} Nh4 $1 28. Rg1 {[%emt 0:00:05] [#]} (28. Re2 Nf5) 28... dxc4 (28... Bb4 $1 $17 {White must now prevent ...Nf3.} 29. Qf2 Bxd2 30. Nxd2 Nf5) 29. Qe2 $11 {[%emt 0:01:13] Inhibits Nf3.} f5 (29... Bb4 $11 30. Nxc4 Nf3) 30. Nxc4 (30. Qxc4 {keeps more tension.} b6 31. Qxf7 Nf3 32. Nxf3 exf3 33. Ra2) 30... Nf3 {[%emt 0:00:22] Wards off Ne5} 31. Rg2 Rh6 $2 (31... h5 $11) 32. Ne5 $2 ({White has to play} 32. Rd1 $18) 32... Nxe5 33. fxe5 Re6 34. Rd1 Rxe5 35. Qb2 f6 36. Rf2 Qh6 37. Rf4 Qg7 38. Qf2 Qg6 39. Rd7 b6 40. a6 Qe8 $2 (40... Rg7 $11 {and Black is okay.} 41. Rb7 Bd6) 41. Rxa7 $18 {[%emt 0:00:24][%csl Oa6] White has a strong passed pawn} Qxb5 $2 (41... Rg7 42. Rb7 Rxb7 43. axb7 Re7 44. Rxf5 Rxb7 45. Rxf6 Kg8 46. Qa2+ Kh8) 42. Rxf5 Be7 43. Rxe5 Qxe5 44. Qf4 Qc5 (44... Qxf4 45. gxf4 Bc5) 45. Rb7 Rd8 46. a7 b5 47. Qxe4 Qc1 48. Kg2 (48. Qxe7 $2 Qxf1#) 48... Qb2+ 49. Kg1 Qe5 50. Qxe5 fxe5 51. Rb8 {[%emt 0:00:12] Never resign too early!   Weighted Error Value: White=0.34/Black=0.74  Loses game:     	White=1     	Black=2      Missed win:     	---       	Black=1      Mistake:       	White=2     	Black=6      Inaccurate:     	White=3     	Black=5      OK:         	White=13    	Black=14     Best:        	White=5     	Black=2      Strong:       	---       	Black=1} 1-0

[Event "SixDays Budapest January IM-A 2025"]
[Site "Budapest"]
[Date "2025.01.28"]
[Round "5.2"]
[White "Pribelszky, Bence Daniel"]
[Black "Kustar, Sandor"]
[Result "1-0"]
[Annotator "TA"]
[ECO "A05"]
[WhiteElo "2391"]
[BlackElo "2240"]
[PlyCount "99"]
[EventDate "2025.01.24"]
[EventType "tourn"]
[EventCountry "HUN"]
[SourceTitle "playchess.com"]
[Source "ChessBase"]
[SourceQuality "1"]
[TimeControl "5400+30"]

1. Nf3 Nf6 2. g3 g6 3. b3 Bg7 4. Bb2 c5 5. c4 b6 6. Bg2 Bb7 7. O-O O-O 8. d4 cxd4 9. Qxd4 d6 10. Nc3 Nbd7 11. Rac1 a6 12. Qd3 Rc8 13. Rfd1 Rc7 {[%emt 0:05:49] The position is equal.} 14. Nd5 Rc5 15. Bxf6 Nxf6 16. b4 Rc8 17. Nd4 {[%emt 0:00:24] Excellent horsemanship.} Ba8 18. Qe3 Re8 19. Nxf6+ Bxf6 {[%emt 0:01:35] Black is weak on the light squares} 20. Bxa8 Rxa8 21. Nc6 Qd7 22. Qxb6 Rec8 23. b5 axb5 24. cxb5 {[%emt 0:00:04] And now Qc5 would win.} Rxa2 25. Qe3 {[%emt 0:00:18][%cal Oc6e7] Strongly threatening Nxe7+!} Kg7 26. Rd2 Rxd2 27. Qxd2 Qb7 28. Qb4 d5 29. Rb1 e6 30. Qc5 Rc7 31. Rc1 Be7 32. Qc3+ Bf6 33. Qa5 Qc8 34. Qa6 (34. Kg2 $14) 34... Qd7 (34... Rb7 $1 $11 {was preferrable.}) 35. Rb1 d4 36. Qa3 Rb7 ({Black should play} 36... Qd5 $11) 37. Qf3 {[%emt 0:00:41] White is much more active.} Rb6 38. h4 h5 39. Kg2 Qd6 40. Na5 Qc5 {[%emt 0:00:32] Wards off Nc4} 41. Qb3 Rb8 42. Nc4 $36 {[%emt 0:00:36][%mdl 2048] White fights for an advantage.} Qd5+ 43. Kg1 Rc8 {[%emt 0:00:45] [#]} (43... d3 $11 44. exd3 Bd4) 44. Nd2 $1 $16 Qe5 45. Qd3 Rb8 46. b6 {[%emt 0:00:10][%cal Bb5b6,Bb6b7][%mdl 32] Inhibits Qc7.} Qa5 {[%emt 0:00:24] Prevents Qa6. This costs Black the game.} ({Black should try} 46... Qd5 $1 $14) 47. b7 $18 Qc3 48. Nc4 Be7 (48... e5 $142 49. f3 Kh7) 49. Ne5 Qc7 {[%emt 0:00:24] [#] Dodges Nd7} (49... Bd6 {might work better.}) 50. Qb5 $1 {[%emt 0:00:18] Weighted Error Value: White=0.09 (flawless) /Black=0.33.  Mistake:       	White=1     	Black=6      Inaccurate:     	White=4     	Black=3      OK:         	White=20    	Black=9      Best:        	---       	Black=5      Strong:       	White=2     	---} ({Inferior is} 50. Qxd4 Bf6 (50... Rxb7 51. Rxb7 Qxb7 52. Nd3+ Kg8 53. Ne5 $15) 51. Rb5 Rxb7 52. Rxb7 Qxb7 $11) 1-0

[Event "SixDays Budapest January IM-A 2025"]
[Site "Budapest"]
[Date "2025.01.28"]
[Round "5.3"]
[White "Chubakov, Sultan"]
[Black "Varga, Zoltan"]
[Result "1/2-1/2"]
[Annotator "TA"]
[ECO "D25"]
[WhiteElo "2237"]
[BlackElo "2304"]
[PlyCount "31"]
[EventDate "2025.01.24"]
[EventType "tourn"]
[EventCountry "HUN"]
[SourceTitle "playchess.com"]
[Source "ChessBase"]
[SourceQuality "1"]
[TimeControl "5400+30"]

1. d4 d5 2. c4 dxc4 3. Nf3 Nf6 4. e3 g6 5. Bxc4 Bg7 6. O-O O-O 7. Qe2 Ne4 {[%emt 0:03:17] D25: Queen's Gambit Accepted: 4 e3: sidelines and 4...Bg4.} 8. Nc3 Nd6 9. Bd3 Nc6 {[%emt 0:05:13] The position is equal.} 10. d5 $146 (10. Rd1 e5 11. dxe5 Nxe5 12. Nxe5 Bxe5 13. f4 Bxc3 14. bxc3 Re8 15. e4 Qh4 16. e5 {1-0 Dobrov,V (2492)-Najer,E (2608) RUS Cup Qualifier 1 blitz 2004}) 10... Nb4 11. e4 c6 12. dxc6 Nxd3 13. Qxd3 bxc6 14. Rd1 Qb6 15. h3 Ba6 16. Qc2 {[%emt 0:02:12] Weighted Error Value: White=0.13 (very precise) /Black=0.06 (flawless)   Inaccurate:     	White=2     	---        OK:         	White=3     	Black=4      Best:        	White=1     	---} 1/2-1/2

[Event "SixDays Budapest January IM-A 2025"]
[Site "Budapest"]
[Date "2025.01.28"]
[Round "5.4"]
[White "Papp, Levente"]
[Black "Golubovskis, Maksims"]
[Result "0-1"]
[Annotator "TA"]
[ECO "A18"]
[WhiteElo "2386"]
[BlackElo "2237"]
[PlyCount "108"]
[EventDate "2025.01.24"]
[EventType "tourn"]
[EventCountry "HUN"]
[SourceTitle "playchess.com"]
[Source "ChessBase"]
[SourceQuality "1"]
[TimeControl "5400+30"]

1. c4 Nf6 2. Nc3 e6 3. e4 d5 4. cxd5 exd5 5. e5 d4 6. exf6 dxc3 7. Bb5+ {[%emt 0:00:02] A18: English Opening: Flohr-Mikenas System (1 c4 Nf6 2 Nc3 e6 3 e4).} Nc6 8. Qe2+ Be6 9. dxc3 {[%emt 0:00:09] The position is equal.} Qxf6 10. Nf3 Bd6 11. Bd3 $146 (11. Bg5 Qg6 12. Bd3 Qh5 13. h3 O-O 14. O-O-O Ne5 15. Be4 Nxf3 16. h4 Nxg5 17. Qxh5 Nxe4 {0-1 Duda,J (2760)-Aronian,L (2772) Wch Blitz Warsaw 2021 (9)}) 11... h6 {[%emt 0:03:28] Dodges Bg5} 12. Bc4 O-O 13. Bxe6 {[%emt 0:00:35] Threatens to win with Bb3.} Rae8 {[%emt 0:00:42] [#]} 14. Bxf7+ $1 Qxf7 15. Be3 Ne7 {[%emt 0:06:38][%cal Bc6e7,Be7d5,Bd5f4,Bf4g2][%mdl 32] Black sacrificed a pawn} 16. Nd2 Nd5 17. O-O-O (17. O-O $11) 17... Nf4 {[%emt 0:08:18] Black is more active.} 18. Qc4 Nxg2 19. Bd4 c5 20. Bxg7 Kxg7 $2 (20... Bf4 $1 $19 21. Qxc5 (21. Qxf7+ $2 Rxf7 22. Kb1 Rxg7 $19) 21... Qxg7) 21. Rhg1 $11 Qg6 22. Qf1 $1 Kh7 23. Rxg2 Qf5 24. b3 Bf4 25. Kb2 Rd8 26. Nc4 (26. Nb1 Rxd1 27. Qxd1 b5 28. Qc2) 26... b5 27. Rxd8 Rxd8 28. Qe2 Bg5 {[%emt 0:09:46] Dodges Qe7+} 29. Ne3 Qe5 30. Rg1 b4 31. Qc2+ Kh8 32. Rd1 $132 {[%emt 0:00:09][%mdl 2048] White puts up resistance} Rxd1 33. Nxd1 {[%emt 0:00:26][%mdl 4096] Endgame KQB-KQN. White is a pawn up.} Bf6 34. Qd3 Qxh2 35. Kc2 Qe5 (35... bxc3 {simplifies} 36. Qf3 Qe5 37. Nxc3 Qxc3+ 38. Qxc3 Bxc3 39. Kxc3 Kg7) 36. Qf3 bxc3 37. Ne3 (37. Qxc3 $11 {remains equal.} Qe2+ 38. Qd2) 37... h5 ({Black should try} 37... Bg7 $17) 38. Nc4 $2 {[%emt 0:00:34] Black continues to play with concentration.} (38. Qa8+ $1 $11 Kg7 39. Qxa7+ Kh6 40. Qa8) 38... Qg5 $17 39. Qe4 {[%emt 0:00:46] Wards off Qg6} (39. Ne3 $17) 39... Kg7 $19 40. Ne3 {[%emt 0:00:26] [#]} Bd4 $1 {[%emt 0:01:23] White must now prevent ...Qg6.} 41. f4 Qg6 42. f5 (42. Nf5+ Kf6 43. Nd6 Qxe4+ 44. Nxe4+ Kf5 45. Ng3+ Kxf4 (45... Kg4 $2 46. Ne2 $19) 46. Ne2+ Kf3 47. Nxc3 Bxc3 48. Kxc3 h4 $19) 42... Qa6 43. Qe7+ $2 (43. Kd1) 43... Kh6 44. Ng4+ ({But not} 44. Qf8+ $2 Bg7) (44. Qe6+ $142 Qxe6 45. fxe6) 44... hxg4 45. Qh4+ Kg7 {[%emt 0:00:19] ( -> ...Qe2+)} 46. Qe7+ Kg8 47. Qe8+ {[%emt 0:01:11] [#]} Kh7 $1 48. a4 Qh6 {[%emt 0:01:02] ( -> ...Qd2+)} 49. Qe7+ Bg7 {[%emt 0:00:20] Black mates.} 50. Kd3 Qf6 51. Qb7 Qd4+ 52. Ke2 Qd2+ 53. Kf1 Qd1+ 54. Kf2 {[%emt 0:00:05] [#]} Qf3+ $1 {[%emt 0:00:08] Weighted Error Value: White=0.64/Black=0.10 (very precise)   Missed win:     	---       	Black=1      Mistake:       	White=7     	Black=1      Inaccurate:     	White=2     	Black=1      OK:         	White=11    	Black=18     Best:        	White=7     	Black=5      Strong:       	White=1     	Black=1      Brilliant:      	White=1     	---} 0-1

[Event "SixDays Budapest January IM-A 2025"]
[Site "Budapest"]
[Date "2025.01.28"]
[Round "5.5"]
[White "Kiremitciyan, Ari"]
[Black "Mauron, Pierre"]
[Result "1-0"]
[Annotator "TA"]
[ECO "D35"]
[WhiteElo "2251"]
[BlackElo "2016"]
[PlyCount "67"]
[EventDate "2025.01.24"]
[EventType "tourn"]
[EventCountry "HUN"]
[SourceTitle "playchess.com"]
[Source "ChessBase"]
[SourceQuality "1"]
[TimeControl "5400+30"]

1. d4 d5 2. c4 e6 3. Nc3 Nf6 4. cxd5 exd5 5. Bg5 Be7 6. e3 h6 7. Bh4 c6 8. Bd3 O-O 9. Bg3 $1 {[%emt 0:06:07][%mdl 4] 9.Bg3 is the modern continuation. D35: Queen's Gambit Declined: Exchange Variation.} a5 10. h3 b5 $146 (10... Na6 11. Nf3 b5 12. Rc1 Bb7 13. O-O Rc8 14. Bf5 Ra8 15. Ne5 Nc7 16. Ne2 Ra6 {1-0 Panesar,V (2441)-Aarav,S (2300) Budapest Eperjesi Memorial 2024 (5)}) 11. Nf3 {[%emt 0:02:37] White is slightly better.} a4 12. O-O {[%emt 0:03:25] White is more active.} Nbd7 13. Rc1 Bb7 14. a3 Nb6 {[%emt 0:01:19] [#]} (14... Re8 $14) 15. Nxb5 $1 $16 cxb5 (15... Nc4 16. Bxc4) 16. Bc7 $1 Qd7 (16... Qe8 {is a better defense.}) 17. Bxb6 $18 Rac8 {[%emt 0:01:06] Wards off Rc7} 18. Bc5 Bxc5 19. dxc5 Bc6 20. Nd4 g6 {[%emt 0:01:51] Inhibits Bf5.} 21. b4 axb3 22. Qxb3 Rb8 23. Rc2 Rb7 24. Rb1 Rfb8 25. Qc3 Ne4 $2 (25... Qe8 26. Qa5 Ne4) 26. Bxe4 dxe4 {[%emt 0:00:06] Black is weak on the dark squares} 27. Rd2 Qe8 28. Nc2 $2 (28. Nxc6 Qxc6 29. Rbd1 (29. Rd6 Qe8 $18)) 28... Re7 (28... Rc8 $142 29. Nb4 Re7) 29. Rbd1 Re6 30. Nb4 {[%emt 0:00:23] Hoping for Rd6.} f5 $2 (30... Rc8 31. Rd6 Ba8 32. Rxe6 Qxe6) 31. Rd6 Bb7 32. c6 Rxd6 33. Rxd6 {[%emt 0:00:02][%cal Ob4d5] White wants to mate with Nd5!.} Ba8 34. Nd5 {[%emt 0:02:29] White took control after the opening.   Weighted Error Value: White=0.39/Black=1.04  Mistake:       	White=1     	Black=5      Inaccurate:     	White=1     	Black=3      OK:         	White=8     	Black=5      Best:        	White=3     	---        Strong:       	White=1     	---        Brilliant:      	White=1     	---} 1-0

[Event "SixDays Budapest January IM-A 2025"]
[Site "Budapest"]
[Date "2025.01.29"]
[Round "6.2"]
[White "Golubovskis, Maksims"]
[Black "Kiremitciyan, Ari"]
[Result "0-1"]
[Annotator "RC"]
[ECO "D35"]
[WhiteElo "2237"]
[BlackElo "2251"]
[PlyCount "68"]
[EventDate "2025.01.24"]
[EventType "tourn"]
[EventCountry "HUN"]
[SourceTitle "playchess.com"]
[Source "ChessBase"]
[SourceQuality "1"]
[TimeControl "5400+30"]

1. c4 e6 2. Nc3 d5 3. d4 Nf6 4. cxd5 exd5 5. Bg5 c6 6. e3 Be6 7. Bd3 Nbd7 8. Qc2 h6 9. Bh4 g5 10. Bg3 Nh5 11. Nge2 Nxg3 12. Nxg3 h5 13. O-O-O h4 14. Nge2 Qe7 15. e4 Nb6 16. Kb1 O-O-O 17. Rhe1 Qc7 18. e5 Kb8 19. f4 gxf4 20. Nxf4 a6 21. Nce2 c5 22. Bf5 Rh6 23. Ka1 Nc4 24. Nc1 cxd4 25. Bxe6 fxe6 26. Nb3 Qb6 27. Nxd4 Bc5 28. Ndxe6 Rxe6 29. Nxd5 Rxd5 30. Rxd5 Bd4 31. Qb3 Bxb2+ 32. Kb1 Qc7 33. Rd6 Rxd6 34. exd6 Qh7+ 0-1

[Event "SixDays Budapest January IM-A 2025"]
[Site "Budapest"]
[Date "2025.01.29"]
[Round "6.3"]
[White "Varga, Zoltan"]
[Black "Papp, Levente"]
[Result "0-1"]
[Annotator "RC"]
[ECO "C00"]
[WhiteElo "2304"]
[BlackElo "2386"]
[PlyCount "50"]
[EventDate "2025.01.24"]
[EventType "tourn"]
[EventCountry "HUN"]
[SourceTitle "playchess.com"]
[Source "ChessBase"]
[SourceQuality "1"]
[TimeControl "5400+30"]

1. e4 e6 2. Qe2 c5 3. f4 Nc6 4. Nf3 g6 5. Na3 d6 6. e5 Nh6 7. g3 Bg7 8. Nc4 dxe5 9. Ncxe5 Nxe5 10. Nxe5 O-O 11. Bg2 Nf5 12. O-O Qc7 13. c3 Bd7 14. Nxd7 Qxd7 15. a4 Rab8 16. b3 Rfd8 17. Kh1 h5 18. a5 b5 19. axb6 axb6 20. Rb1 b5 21. b4 c4 22. Ra1 Rb6 23. Qf2 Rd6 24. Ra7 Qe8 25. Re1 Nd4 0-1

[Event "SixDays Budapest January IM-A 2025"]
[Site "Budapest"]
[Date "2025.01.29"]
[Round "6.4"]
[White "Kustar, Sandor"]
[Black "Chubakov, Sultan"]
[Result "0-1"]
[Annotator "TA"]
[ECO "A06"]
[WhiteElo "2240"]
[BlackElo "2237"]
[PlyCount "84"]
[EventDate "2025.01.24"]
[EventType "tourn"]
[EventCountry "HUN"]
[SourceTitle "playchess.com"]
[Source "ChessBase"]
[SourceQuality "1"]
[TimeControl "5400+30"]

1. Nf3 d5 2. g3 Nd7 3. Bg2 e5 4. d3 Ngf6 5. O-O Bd6 6. Nbd2 O-O {[%emt 0:03:34] A07: Réti Opening: New York and Capablanca Systems.} 7. e4 dxe4 8. dxe4 Nb6 {[%emt 0:08:06] The position is equal.} 9. b3 Qe7 10. h3 $146 (10. a3 Bd7 11. Bb2 Rad8 12. Re1 a5 13. Qe2 Bc6 14. Nh4 g6 15. Bf3 Ne8 16. Bg4 {0-1 Mueller,U (2175)-Hoffterheide,T Ruhrgebiet VK3 9697 1996}) 10... Rd8 {[%emt 0:05:56] Not much happening anymore} 11. Qe2 Be6 12. Bb2 Nfd7 13. Rfd1 Ba3 14. Bxa3 Qxa3 15. Qe3 f6 16. Nb1 Qc5 17. Qxc5 Nxc5 18. Nc3 c6 {[%emt 0:00:48] The position is symmetric and equal} 19. Kf1 a5 20. a4 Na6 21. Rxd8+ Rxd8 22. Rd1 {[%emt 0:00:33] Against c5} Rc8 (22... Rxd1+ $15 23. Nxd1 Nb4) 23. Rd6 Kf7 24. Rd2 Ke7 25. Nd1 Nd7 26. Ne3 (26. Nc3 $15) 26... Ndc5 27. Ne1 ({Better is} 27. Nh4) 27... b5 $17 28. axb5 cxb5 29. Rd1 a4 30. bxa4 bxa4 ({Don't take} 30... Nxa4 31. f4 $15) 31. Ra1 {[%emt 0:01:45] [#]} Nc7 $1 32. Ke2 Nb5 33. Kd2 {[%emt 0:02:06] Against Nc3} Nd6 (33... a3 $142 34. Nd3 Nc3 35. Nf5+ (35. Nxc5 $2 Rxc5 36. f3 a2 $19) 35... Bxf5 36. Nxc5 Rxc5 37. exf5 a2) 34. f3 Nb5 {[%emt 0:07:47] White must now prevent ...Nd4.} 35. Bf1 {[%emt 0:01:47] [#]} Nd4 36. Ra3 {[%emt 0:00:59] Prevents Ncb3+.} g6 37. Bd3 (37. Kd1 $142) 37... Rb8 ({Black should try} 37... Bxh3 38. Nd5+ Kf7) 38. h4 Rb1 $36 {[%emt 0:01:54][%mdl 2048] White is under strong pressure. Black has more active pieces.} 39. Bf1 (39. g4 $17) 39... f5 $19 40. exf5 gxf5 41. c3 $2 (41. Bd3) 41... Ncb3+ 42. Kd3 Rxe1 {[%emt 0:00:31] Weighted Error Value: White=0.34/Black=0.11 (very precise)   Mistake:       	White=5     	Black=3      Inaccurate:     	White=3     	Black=1      OK:         	White=8     	Black=14     Best:        	White=2     	Black=1} 0-1

[Event "SixDays Budapest January IM-A 2025"]
[Site "Budapest"]
[Date "2025.01.29"]
[Round "6.5"]
[White "Fodor, Balazs"]
[Black "Pribelszky, Bence Daniel"]
[Result "0-1"]
[Annotator "TA"]
[ECO "A40"]
[WhiteElo "2214"]
[BlackElo "2391"]
[PlyCount "26"]
[EventDate "2025.01.24"]
[EventType "tourn"]
[EventCountry "HUN"]
[SourceTitle "playchess.com"]
[Source "ChessBase"]
[SourceQuality "1"]
[TimeControl "5400+30"]

1. d4 g6 2. c4 Bg7 3. e4 Nc6 4. Be3 e5 5. Nf3 exd4 6. Nxd4 {[%emt 0:00:08] A40: Unusual replies to 1 d4.} Qf6 {[%emt 0:00:05] 6...Nge7 is vanishing.} 7. Nxc6 dxc6 8. Nc3 {[%emt 0:00:18] The position is equal.} Qe7 9. Qb3 $146 (9. Qc2 Nh6 10. h3 f5 11. O-O-O O-O 12. f4 fxe4 13. g4 Nf7 14. Re1 b6 15. Bd2 {½-½ Le,Q (2709)-Xiong,J (2709) PNWCC Super SOS 2020 (5)}) 9... Nh6 10. Be2 O-O 11. O-O-O (11. O-O $11 {remains equal.}) 11... a5 (11... Ng4 $17 {Threatens to win with ...Nxe3.} 12. Bxg4 Bxg4) 12. f3 (12. h3 $11) 12... Nf5 $17 13. Nb1 $2 {[%emt 0:12:32] [#]} (13. Bf2 $17 {was called for.} Qg5+ 14. Kb1 Qxg2 15. Rhf1) 13... a4 {[%emt 0:01:30] White did not feel at home in the position after the opening.   Weighted Error Value: White=0.82/Black=0.17 (very precise)   Loses game:     	White=1     	---        Mistake:       	White=2     	Black=1      OK:         	White=1     	Black=4      Best:        	White=1     	Black=1} 0-1